 Dungeon Crawl Stone Soup version 0.23-a0-650-ga4d50d4 (webtiles) character file.

142 Borgoz the Cudgeler (level 5, 0/32 HPs)
             Began as a Gargoyle Gladiator on Jan 3, 2019.
             Slain by Amnesiac's ghost (5 damage)
             ... on level 2 of the Dungeon.
             The game lasted 00:04:58 (2729 turns).

Borgoz the Cudgeler (Gargoyle Gladiator)            Turns: 2729, Time: 00:04:59

Health: 0/32       AC:  8    Str: 18    XL:     5   Next: 25%
Magic:  5/5        EV: 13    Int:  8    God:
Gold:   85         SH:  0    Dex: 17    Spells: 4/4 levels left

rFire    . . .     SeeInvis .   a - +0 flail
rCold    . . .     Gourm    .   (no shield)
rNeg     + . .     Faith    .   b - +0 leather armour
rPois    ∞         Spirit   .   c - +0 helmet
rElec    +         Reflect  .   (no cloak)
rCorr    .         Harm     .   (no gloves)
MR       .....                  (no boots)
Stlth    +.........             (no amulet)
HPRegen  0.10/turn              e - +5 ring of dexterity
MPRegen  0.09/turn              (no ring)

@: no status effects
A: negative energy resistance 1, electricity resistance, unbreathing,
petrification resistance, rot immunity, AC +4
a: no special abilities


You were on level 2 of the Dungeon.
You were not hungry.

You visited 1 branch of the dungeon, and saw 3 of its levels.

You collected 85 gold pieces.

Inventory:

Hand Weapons
 a - a +0 flail (weapon)
Armour
 b - a +0 leather armour (worn)
 c - a +0 helmet (worn)
Jewellery
 e - a +5 ring of dexterity (left hand)
 h - an uncursed amulet of magic regeneration
 q - a +2 ring of protection {unknown}
Scrolls
 g - 2 scrolls of remove curse
 k - a scroll of identify
 n - a scroll of fog {unknown}
 o - a scroll of teleportation {unknown}
Potions
 i - a potion of curing {unknown}
 j - a potion of lignification {unknown}
 l - a potion of resistance
 m - a potion of invisibility {unknown}
Comestibles
 f - 7 rations


   Skills:
 + Level 3.3 Fighting
 + Level 3.9 Maces & Flails
 - Level 1.7 Throwing
 + Level 2.3 Armour
 + Level 3.1 Dodging


You had 4 spell levels left.
You didn't know any spells.
Your spell library was empty.

Dungeon Overview and Level Annotations

Branches:
Dungeon (3/15)

Altars:
Dithmenos
Elyvilon
Okawaru
Ru

Annotations:
D:2 Amnesiac's ghost, amateur SpBe


Innate Abilities, Weirdness & Mutations

You are resistant to torment.
Your stone body is resilient. (AC +4)
You are immune to poison.
You resist negative energy. (rN+)
You are resistant to electric shocks. (rElec)
You can survive without breathing.
You are immune to petrification.
You are immune to rotting.


Message History

Amnesiac's ghost barely misses you.
You miss Amnesiac's ghost.
Amnesiac's ghost is moderately damaged.
Amnesiac's ghost hits you.
* * * LOW HITPOINT WARNING * * *
You miss Amnesiac's ghost.
Amnesiac's ghost is moderately damaged.
Amnesiac's ghost hits you but does no damage. x2
You barely miss Amnesiac's ghost.
Amnesiac's ghost is moderately damaged.
Amnesiac's ghost hits you.
* * * LOW HITPOINT WARNING * * *
As you read the scroll labeled TOZEPI COPT, it crumbles to dust.
You feel blessed for a moment.
It was a scroll of remove curse.
Amnesiac's ghost barely misses you.
As you read the scroll labeled CUETEGU DEBLA, it crumbles to dust.
It is a scroll of identify.
l - a potion of resistance Amnesiac's ghost hits you.
You die...

###########.##########≈.#
....# #..)..........# ....#
####.########.# ....#
#.##.......## ....#
#.##.##.....## ....##
#.##..#......#
#....#########.##..#..##.##
'....'.(.(....>##..#..##.#
#....#####.....W@......#.#
#....# #.#.#####.#.#####
###### #.#.#.....#.# ....#
#.#.#.#####.# ###.##
#.#.#...♣♣♣.♣ .##..#
#.#.###♣♣..P♣ ..##.##
#.#.###♣.P♣♣♣ .P##..#
#......♣..P♣♣ PP###.#
###.###♣P♣.P♣


You could see Amnesiac's ghost.

Vanquished Creatures
  A gnoll (D:3)
  5 adders
  An ooze (D:2)
  3 worms
  A leopard gecko (D:2)
  3 orcs (D:3)
  A ball python (D:2)
  6 giant cockroaches
  9 goblins
  6 hobgoblins
  8 jackals
  A quokka (D:2)
  3 bats
  2 frilled lizards
  12 kobolds
  6 rats
68 creatures vanquished.

Notes
Turn   | Place    | Note
-------+----------+-------------------------------------------
     0 | D:1      | Borgoz the Gargoyle Gladiator began the quest for the Orb.
     0 | D:1      | Reached XP level 1. HP: 12/12 MP: 1/1
    63 | D:1      | Reached XP level 2. HP: 14/18 MP: 2/2
   125 | D:1      | Reached skill level 1 in Armour
   261 | D:1      | Reached XP level 3. HP: 22/22 MP: 3/3
   981 | D:2      | Reached XP level 4. HP: 26/28 MP: 4/4
  1084 | D:2      | Found a sacrificial altar of Ru.
  1173 | D:2      | Found a shadowy altar of Dithmenos.
  1182 | D:2      | Found a white marble altar of Elyvilon.
  1182 | D:2      | Found an iron altar of Okawaru.
  1853 | D:3      | Found a runed gate.
  1853 | D:3      | Found a runed gate.
  1853 | D:3      | Found a runed gate.
  1861 | D:3      | Noticed Amnesiac's ghost (amateur SpBe)
  2044 | D:3      | Found an iron altar of Okawaru.
  2065 | D:3      | Reached XP level 5. HP: 25/32 MP: 5/5
  2729 | D:2      | Slain by Amnesiac's ghost

Vault maps used:
D:1:      wander_arrival_chamber
D:2:      overflow_temple_1_default, gammafunk_temple_overflow_pools,
          serial_forest, infiniplex_forest_lined_corner,
          infiniplex_forest_clump_large, infiniplex_forest_pool,
          infiniplex_forest_lined_room_, infiniplex_forest_straight_4,
          infiniplex_forest_lined_room_, infiniplex_forest_zigzag_2,
          grunt_decor_mini_mirrors, minivault_14, nicolae_ru_path_of_blood
D:3:      gammafunk_ghost_necromancy, first_ration,
          minmay_misc_feat_four_crosses, okawaru_altar_gauntlet_db

Skill      XL: |  1  2  3  4 |
---------------+-------------+-----
Armour         | 1 2 |  2.3
Fighting       | 3 |  3.3
Dodging        | 3 |  3.1
Maces & Flails | |  3.9
Throwing       | |  1.7

Action                   |  1- 3 |  4- 6 || total
-------------------------+-------+-------++-------
Melee: Flail             |   120 |   134 ||   254
Throw: Throwing net      |       |     3 ||     3
  Use: Scroll            |       |     2 ||     2
  Eat: Chunk             |       |     6 ||     6
Armor: Leather armour    |    51 |    58 ||   109
Dodge: Dodged            |    98 |   125 ||   223

Table legend:
 A = Non-vault XP
 B = Vault XP
 C = Vault XP percentage of total XP
 D = Non-vault monster count
 E = Vault monster count
 F = Vault count percentage of total count
                 A         B        C        D         E       F
            +---------+---------+-------+---------+---------+-------
      Total |     178 |      26 |  12.7 |      62 |       6 |   8.8
            +---------+---------+-------+---------+---------+-------
        D:1 |      48 |       0 |   0.0 |      29 |       0 |   0.0
        D:2 |      89 |       0 |   0.0 |      19 |       0 |   0.0
        D:3 |      41 |      26 |  38.8 |      14 |       6 |  30.0
            +---------+---------+-------+---------+---------+-------
